 Dungeon Crawl Stone Soup version 0.27.1 (webtiles) character file.

Game seed: 2841750803899019926

206 Malachi the Sneak (level 5, -1/45 HPs)
             Began as a Naga Monk on Aug 25, 2021.
             Was an Elder of Hepliaklqana.
             Slain by Grinder (5 damage)
             ... while paralysed by Grinder
             ... on level 4 of the Dungeon.
             The game lasted 00:06:02 (3684 turns).

Malachi the Sneak (Naga Monk)                       Turns: 3684, Time: 00:06:04

Health: -1/45      AC:  8    Str: 14    XL:     5   Next: 84%
Magic:  5/5        EV:  1    Int: 17    God:    Hepliaklqana [****..]
Gold:   95         SH:  0    Dex: 13    Spells: 2/4 levels left

rFire    . . .     SeeInvis +   m - +4 dagger (drain)
rCold    + . .     Faith    .   k - +0 buckler
rNeg     . . .     Spirit   .   b - +0 robe
rPois    +         Reflect  .   p - +0 helmet
rElec    .         Harm     .   (no cloak)
rCorr    .         Rampage  .   (no gloves)
Will     .....                  d - +1 barding {rC+}
Stlth    +++.......             (no amulet)
HPRegen  0.15/turn              h - +6 ring of intelligence
MPRegen  0.09/turn              (no ring)

@: paralysed, about to teleport, very slow
A: reduced essence, AC +1, large, see invisible, deformed body, poison
resistance, slowness 2, spit poison 1, naga tail 1
a: Spit Poison, Renounce Religion, Recall Ancestor, Ancestor Identity,
Transference, Idealise


You were on level 4 of the Dungeon.
You worshipped Hepliaklqana.
Hepliaklqana was greatly pleased with you.
You visited 1 branch of the dungeon, and saw 4 of its levels.

You collected 95 gold pieces.

Inventory:

Hand Weapons
 a - a +0 short sword
 m - a +4 dagger of draining (weapon)
Armour
 b - a +0 robe (worn)
 d - a +1 barding of cold resistance (worn)
 i - a +2 robe of positive energy
 k - a +0 buckler (worn)
 p - a +0 helmet (worn)
Jewellery
 h - a +6 ring of intelligence (left hand)
Wands
 o - a wand of flame (18)
Potions
 c - a potion of haste
 e - a potion of cancellation {unknown}
 g - 2 potions of curing
 l - a potion of degeneration {unknown}
 n - a potion of attraction {unknown}
 q - a potion of resistance {unknown}


   Skills:
 + Level 4.1 Fighting
 + Level 4.2 Short Blades
 - Level 2.8 Dodging
 + Level 4.4 Stealth
 * Level 1.5 Shields


You had 2 spell levels left.
You knew the following spells:

 Your Spells              Type           Power      Damage    Failure   Level
a - Blink                 Tloc           N/A        N/A       38%         2

Your spell library contained the following spells:

 Spells                   Type           Power      Damage    Failure   Level
 Beastly Appendage        Tmut           0%         N/A       28%         1
 Freeze                   Ice            0%         1d3       28%         1
 Wereblood                Tmut           0%         N/A       38%         2
 Frozen Ramparts          Ice            0%         1d2       63%         3
 Lesser Beckoning         Tloc           0%         N/A       63%         3
 Spider Form              Tmut/Pois      0%         N/A       63%         3
 Hailstorm                Conj/Ice       0%         3d3       95%         4
 Manifold Assault         Tloc           0%         N/A       100%        5


Dungeon Overview and Level Annotations

Branches:
Dungeon (4/15)
 Temple: D:4-7

Altars:
Ashenzari
Hepliaklqana

Annotations:
D:4 Grinder


Innate Abilities, Weirdness & Mutations

Your life essence is reduced to manifest your ancestor. (-10% HP)
Your serpentine skin is tough. (AC +1)
You have supernaturally acute eyesight. (SInv)
Armour fits poorly on your strangely shaped body.
Your system is resistant to poisons. (rPois)
You cover ground very slowly.
You can spit poison.
You have a snake-like lower body.


Message History

The lemure hits Thoko but does no damage.
Thoko barely misses the lemure.
The lemure hits Thoko but does no damage.
You hit the lemure but do no damage.
The lemure is heavily wounded.
The lemure hits you but does no damage.
The lemure hits Thoko but does no damage.
Thoko barely misses the lemure.
The lemure barely misses Thoko.
You barely miss the lemure.
The lemure is heavily wounded.
The lemure hits you.
* * * LOW HITPOINT WARNING * * *
The lemure hits Thoko.
Thoko hits the lemure with a +0 flail.
There are monsters nearby!
Okay, then.
As you read the scroll of fear, it crumbles to dust.
You assume a fearsome visage.
Grinder is unaffected.
The lemure is unaffected. x4
The goblin looks frightened!
The lemure hits Thoko but does no damage.
The lemure hits you but does no damage.
Thoko blocks the lemure's attack.
Thoko hits the lemure with a +0 flail!
The lemure dies!
As you read the scroll of teleportation, it crumbles to dust.
You feel strangely unstable.
The lemure hits Thoko.
Grinder gestures at you. You resist with some effort.
You block the lemure's attack.
Thoko misses the lemure.
The lemure hits Thoko but does no damage.
Grinder gestures at you.
You suddenly lose the ability to move!
The lemure barely misses Thoko.
Thoko hits the lemure with a +0 flail!
The lemure hits Thoko.
Thoko blocks the lemure's attack.
A ball python comes into view.
The lemure hits you.
* * * LOW HITPOINT WARNING * * *
Thoko hits the lemure with a +0 flail!
Thoko blocks the lemure's attack.
Grinder hits you.
* * * LOW HITPOINT WARNING * * *
You writhe in agony.
You die...

## ..# .. #.# ### #.###
#.# ..# ### ..g. #.# #.#
#.#(..# #.# ... #.#...#
#.# #.#########.5...# #.#
#.#......@5R5...#
##.#####.#.######5##...S..
.........................>
..########.####.#####.....
.........#.# #. ..#..
.........#.# # .# .
.........#.) .#
.........### .........


You could see the friendly Thoko the knight, Grinder, 3 lemures, a goblin
(fleeing) and a ball python.

Vanquished Creatures
  Crazy Yiuf (D:2)
  Terence (D:3)
  An orc wizard (D:3)
  An adder (D:3)
  A shadow imp (D:3)
  An adder skeleton (D:4)
  A worm (D:2)
  4 orcs (D:3)
  4 bats
  An endoplasm (D:1)
  3 giant cockroaches
  6 hobgoblins
  3 quokkas
  4 ball pythons (D:1)
  2 frilled lizards (D:1)
  5 goblins
  4 kobolds
  17 rats (D:3)
60 creatures vanquished.

Vanquished Creatures (collateral kills)
  A lemure (D:4)
  Jessica (D:3)
  An adder (D:2)
  3 orcs (D:3)
  A bat (D:2)
  A giant cockroach (D:3)
  A ball python (D:2)
  A goblin (D:3)
  2 rats (D:3)
12 creatures vanquished.

Vanquished Creatures (others)
  A knight (D:2)
1 creature vanquished.

Grand Total: 73 creatures vanquished

Notes
Turn   | Place    | Note
-------+----------+-------------------------------------------
     0 | D:1      | Malachi the Naga Monk began the quest for the Orb.
     0 | D:1      | Reached XP level 1. HP: 21/21 MP: 1/1
   111 | D:1      | HP: 1/21 [ball python (1)]
   573 | D:1      | Reached XP level 2. HP: 22/28 MP: 2/2
  1021 | D:1      | Found a faded altar of an unknown god.
  1134 | D:1      | Became a worshipper of Hepliaklqana the Forgotten
  1134 | D:1      | Reached * piety under Hepliaklqana
  1134 | D:1      | Reached ** piety under Hepliaklqana
  1431 | D:2      | Reached *** piety under Hepliaklqana
  1465 | D:2      | Reached XP level 3. HP: 30/30 MP: 3/3
  1505 | D:2      | Learned a level 2 spell: Blink
  1765 | D:2      | Found a broken altar of Ashenzari.
  1885 | D:2      | Found a runed translucent door.
  1886 | D:2      | Noticed Crazy Yiuf
  1982 | D:2      | Remembered your ancestor Thoko as a knight
  2031 | D:2      | Killed Crazy Yiuf
  2032 | D:2      | Reached XP level 4. HP: 39/39 MP: 4/4
  2397 | D:3      | Reached skill level 1 in Shields
  2466 | D:3      | Reached XP level 5. HP: 43/45 MP: 5/5
  2580 | D:3      | Noticed Jessica
  2581 | D:3      | Reached **** piety under Hepliaklqana
  2591 | D:3      | Killed Jessica
  3228 | D:3      | Noticed Terence
  3239 | D:3      | Killed Terence
  3591 | D:3      | Identified a scroll of acquirement
  3591 | D:3      | Acquired a +1 barding of cold resistance
  3655 | D:4      | Noticed a lemure
  3656 | D:4      | Noticed Grinder
  3656 | D:4      | Noticed a lemure
  3661 | D:4      | Noticed a lemure
  3664 | D:4      | Noticed a lemure
  3681 | D:4      | Killed a lemure
  3683 | D:4      | Paralysed by Grinder for 3 turns
  3684 | D:4      | Slain by Grinder

Illustrated notes

Levels and vault maps discovered:
D:1:      dpeg_arrival_arbitrary_c, layout_rooms,
          dreamdust_ecumenical_altar_hidden_monk_grotto, dk_noncrumbling_4
D:2:      layout_rooms, basic_altar, uniq_crazy_yiuf_cottage
D:3:      layout_basic, grunt_decor_junction, minmay_rat_hole, uniq_terence,
          uniq_jessica
D:4:      layout_basic, uniq_ijyb, uniq_grinder, uniq_duvessa, uniq_pikel

Skill      XL: |  1  2  3  4  5 |
---------------+----------------+-----
Shields        | 1 |  1.5
Fighting       | 4 |  4.1
Short Blades   | 4 |  4.2
Stealth        | 4 |  4.4
Dodging        | |  2.8

Action                   |  1- 3 |  4- 6 || total
-------------------------+-------+-------++-------
Melee: Short sword       |    54 |       ||    54
       Dagger            |    22 |    99 ||   121
Invok: Ancestor Life: Kn |     1 |       ||     1
       Ancestor Identity |     1 |       ||     1
 Abil: Spit Poison       |    11 |     1 ||    12
Evoke: Wand              |     1 |       ||     1
  Use: Scroll            |       |     9 ||     9
 Stab: Sleeping          |     1 |     4 ||     5
Armor: Robe              |    23 |    17 ||    40
Dodge: Dodged            |    47 |    39 ||    86
Block: Buckler           |     4 |    19 ||    23
